 Dungeon Crawl Stone Soup version 0.28.0-49-g6dfe1f597d (webtiles) character file.

Game seed: 8372129021198336863

7 Exodus22XD the Skirmisher (level 1, 20/20 HPs)
             Began as a Minotaur Fighter on May 14, 2022.
             Was a Follower of Elyvilon.
             Quit the game on level 1 of the Dungeon.
             The game lasted 00:00:14 (333 turns).

Exodus22XD the Skirmisher (Minotaur Fighter)         Turns: 333, Time: 00:00:15

Health: 20/20      AC:  7    Str: 20    XL:     1   Next: 91%
Magic:  0/0        EV:  9    Int:  5    God:    Elyvilon [*.....]
Gold:   36         SH:  4    Dex:  9    Spells: 0/0 levels left

rFire   . . .      SeeInvis .   a - +0 war axe
rCold   . . .      Faith    .   c - +0 buckler
rNeg    . . .      Spirit   .   b - +0 scale mail
rPois   .          Reflect  .   (helmet restricted)
rElec   .          Harm     .   (no cloak)
rCorr   .          Rampage  .   (no gloves)
Will    .....                   (no boots)
Stlth   ..........              (no amulet)
HPRegen 0.06/turn               (no ring)
MPRegen 0.07/turn               (no ring)

@: no status effects
A: horns 2, retaliatory headbutt
a: Renounce Religion, Purification


You were on level 1 of the Dungeon.
You worshipped Elyvilon.
Elyvilon was aware of your devotion.
You visited 1 branch of the dungeon, and saw 1 of its levels.

You collected 36 gold pieces.

Inventory:

Hand Weapons
 a - a +0 war axe (weapon)
Armour
 b - a +0 scale mail (worn)
 c - a +0 buckler (worn)
Scrolls
 e - a scroll of noise {unknown}
 f - a scroll of summoning {unknown}
 g - a scroll of fear {unknown}
Potions
 d - a potion of might


   Skills:
 + Level 3.8 Fighting
 + Level 2.6 Axes
 + Level 3.8 Armour
 + Level 3.8 Shields


You couldn't memorise any spells.
You didn't know any spells.
Your spell library contained the following spells:

 Spells                   Type           Power      Damage    Failure   Level
 Sublimation of Blood     Necr           0%         N/A       96%         2
 Wereblood                Tmut           0%         N/A       96%         2
 Summon Hydra             Summ           0%         N/A       100%        7


Dungeon Overview and Level Annotations

Branches:
Dungeon (1/15)

Altars:
Elyvilon


Innate Abilities, Weirdness & Mutations

You have a pair of horns on your head.
You reflexively headbutt those who attack you in melee.


Message History

You enter the shallow water.
Moving in this stuff is going to be slow.
You enter the shallow water.
Moving in this stuff is going to be slow.
You enter the shallow water.
Moving in this stuff is going to be slow.
You enter the shallow water.
Moving in this stuff is going to be slow.
There is a stone staircase leading down here.
You see here a bat corpse.
A bat comes into view.
The bat hits you but does no damage.
A bat is nearby!
You barely miss the bat. The bat hits you but does no damage.
A bat is nearby!
You barely miss the bat. Your headbutt misses the bat.
The bat hits you but does no damage. You block the bat's attack.
The bat barely misses you. The bat hits you but does no damage.
You closely miss the bat. You headbutt the bat.
You kill the bat!
No target in view!
No target in view!
You see here a bat corpse.
There is a stone staircase leading down here.
You enter the shallow water.
Moving in this stuff is going to be slow.
You enter the shallow water.
Moving in this stuff is going to be slow.
You enter the shallow water.
Moving in this stuff is going to be slow.
You enter the shallow water.
Moving in this stuff is going to be slow.
There is a faded altar of an unknown god here.
You cannot tell which god this altar belongs to.
Convert to them anyway?
Elyvilon accepts your prayer! Elyvilon welcomes you!
You can now purify yourself.
Unknown command.
Press < or > to pray at altars.
Are you sure you want to abandon this character and quit the game? (Confirm with "yes".)

#....#.##....##..##PP≈.##
.#..#.#.#....####.##P≈P#
##..##.#......#....#P≈P#
#....##.........#.##P≈##
.............##.#.#.≈.# .###
.............##.###≈.## .....
#....##......##.##≈..###.....
##..##.#......####≈..#.......
.#..#.#.#.....#8@.P.##.#.....
#....#.##....########.......
......##.#...#..........#
........#.#..#.........#.#
.........##..##.........#
...........#.##.#....#.##
.....................######.#
......###...####..##.........
###.#.# #.#. #.....######.#


There were no monsters in sight!

Vanquished Creatures
  A dart slug (D:1)
  A ball python (D:1)
  3 bats (D:1)
5 creatures vanquished.

Notes
Turn   | Place    | Note
-------+----------+-------------------------------------------
     0 | D:1      | Exodus22XD the Minotaur Fighter began the quest for the
                  | Orb.
     0 | D:1      | Reached XP level 1. HP: 19/19 MP: 0/0
   232 | D:1      | Found a faded altar of an unknown god.
   332 | D:1      | Prayed at the altar of an unknown god.
   332 | D:1      | Became a worshipper of Elyvilon the Healer
   332 | D:1      | Reached * piety under Elyvilon
   333 | D:1      | Quit the game

Illustrated notes

Levels and vault maps discovered:
D:1:      kennysheep_arrival_seaside, layout_loops_cross,
          shapermc_ecumenical_altar_hornbeckon, st_stairs_1,
          minmay_misc_feat_secret_circle

Action                   || total
-------------------------++-------
Melee: War axe           ||     8
       Headbutt          ||     1
Armor: Scale mail        ||     6
Dodge: Dodged            ||     1
Block: Buckler           ||     1
